 Dungeon Crawl Stone Soup version 0.25-a0-413-g3b4b6a4ccc (webtiles) character file.

Game seed: 12265688595257693197, levelgen mode: deterministic

168 MisterFreud the Slasher (level 5, -3/34 HPs)
             Began as an Octopode Gladiator on Jan 15, 2020.
             Slain by an ice beast (9 damage)
             ... on level 3 of the Dungeon.
             The game lasted 00:03:46 (2658 turns).

MisterFreud the Slasher (Octopode Gladiator)        Turns: 2658, Time: 00:03:47

Health: -3/34      AC:  1    Str: 14    XL:     5   Next: 49%
Magic:  5/5        EV: 14    Int: 11    God:
Gold:   95         SH:  0    Dex: 13    Spells: 4/4 levels left

rFire    . . .     SeeInvis .   u - +1 rapier (flame)
rCold    . . .     Gourm    .   (no shield)
rNeg     . . .     Faith    .   b - +0 hat
rPois    .         Spirit   .   (no amulet)
rElec    .         Reflect  .   l - ring of protection from magic
rCorr    .         Harm     .   (no ring)
MR       +....                  (no ring)
Stlth    ++........             (no ring)
HPRegen  0.11/turn              (no ring)
MPRegen  0.09/turn              (no ring)
                                (no ring)
                                (no ring)

@: no status effects
A: almost no armour, stealthy swim, amphibious, 8 rings, constrict 8, camouflage
1, gelatinous body 1
a: no special abilities


You were on level 3 of the Dungeon.
You were hungry.

You visited 1 branch of the dungeon, and saw 3 of its levels.

You collected 95 gold pieces.

Inventory:

Hand Weapons
 a - a +0 long sword
 u - a +1 rapier of flaming (weapon)
Missiles
 c - 3 throwing nets (quivered)
 e - 108 stones
 n - 20 arrows
 q - 23 bolts
 r - 7 poisoned darts
Armour
 b - a +0 hat (worn)
Jewellery
 f - an uncursed ring of positive energy
 l - a ring of protection from magic (left tentacle)
 w - an uncursed ring of positive energy
Scrolls
 i - 3 scrolls of identify {unknown}
 k - a scroll of enchant weapon {unknown}
 m - a scroll of random uselessness {unknown}
 p - a scroll of fog {unknown}
Potions
 g - a potion of curing
 h - a potion of brilliance {unknown}
 j - a potion of heal wounds {unknown}
 o - a potion of flight {unknown}
 s - a potion of ambrosia {unknown}
 v - 2 potions of mutation {unknown}
Comestibles
 d - 5 rations
 t - 6 chunks of flesh


   Skills:
 + Level 2.0 Fighting
 - Level 6.0 Long Blades
 - Level 2.0 Throwing
 + Level 3.0 Dodging


You had 4 spell levels left.
You didn't know any spells.
Your spell library contained the following spells:

 Spells                   Type           Power        Failure   Level  Hunger
 Magic Dart               Conj           #...         34%         1    ##.....
 Blink                    Tloc           N/A          47%         2    ###....
 Call Imp                 Summ           #.......     47%         2    ###....
 Slow                     Hex            #.......     47%         2    ###....
 Conjure Flame            Conj/Fire      #.......     71%         3    ####...
 Mephitic Cloud           Conj/Pois/Air  #.......     71%         3    ####...


Dungeon Overview and Level Annotations

Branches:
Dungeon (3/15)

Altars:


Innate Abilities, Weirdness & Mutations

You cannot wear most types of armour.
You are very stealthy in the water. (Stealth+)
You are amphibious.
You can wear up to eight rings at the same time.
You can use your tentacles to constrict eight enemies at once.
Your skin changes colour to match your surroundings (Stealth+).
Your rubbery body absorbs attacks. (AC +1, EV +1)


Message History

The ice beast is lightly wounded.
The ice beast hits you. The ice beast freezes you!
You hit the ice beast.
You melt the ice beast.
The ice beast is moderately wounded.
The ice beast hits you. The ice beast freezes you.
* * * LOW HITPOINT WARNING * * *
You are feeling hungry.
A bat comes into view.
The ice beast hits you.
* * * LOW HITPOINT WARNING * * *
The ice beast freezes you.
* * * LOW HITPOINT WARNING * * *
Found a scroll labeled TUAXUE ERRA.
You feel better. The ice beast barely misses you.
You closely miss the ice beast.
The ice beast is lightly wounded.
The ice beast hits you.
* * * LOW HITPOINT WARNING * * *
The ice beast freezes you!
You die...

..........# #
..)......#### #
..÷÷........## ..
.........÷...##... ##
............[....# ...
..............#### ....
......÷.......# .....
.####')####..#####......
.#........#....Y@..b....
.#.....÷..#...####....?.
.#........#...# .....
.+........'...# ....
.+........'..## ...
.#........#...#### #.
##........###....##.
##........#..........
#####''####.####.##.#


You could see an ice beast and a bat (sleeping).

Vanquished Creatures
  2 worker ants
  3 adders
  An ooze (D:1)
  3 worms (D:2)
  7 dart slugs
  3 leopard geckos
  An orc (D:3)
  5 bats
  5 giant cockroaches
  4 goblins
  4 hobgoblins
  6 jackals (D:1)
  6 kobolds
  A ball python (D:1)
  5 frilled lizards
  8 rats
64 creatures vanquished.

Notes
Turn   | Place    | Note
-------+----------+-------------------------------------------
     0 | D:1      | MisterFreud the Octopode Gladiator began the quest for the
                  | Orb.
     0 | D:1      | Reached XP level 1. HP: 14/14 MP: 1/1
   114 | D:1      | Reached XP level 2. HP: 19/19 MP: 2/2
   249 | D:1      | Reached skill level 4 in Long Blades
   337 | D:1      | Reached XP level 3. HP: 20/24 MP: 3/3
   719 | D:2      | Reached XP level 4. HP: 15/29 MP: 4/4
  1050 | D:2      | Reached skill level 5 in Long Blades
  2044 | D:3      | Reached XP level 5. HP: 13/34 MP: 5/5
  2592 | D:3      | Reached skill level 6 in Long Blades
  2638 | D:3      | Noticed an ice beast
  2658 | D:3      | Slain by an ice beast

Levels and vault maps discovered:
D:1:      dpeg_arrival_water_fire, layout_loops_ring
D:2:      layout_basic
D:3:      layout_rooms, first_ration, kennysheep_generic_room_6

Skill      XL: |  1  2  3  4  5 |
---------------+----------------+-----
Long Blades    | 4 5 6 |  6.0
Fighting       | |  2.0
Throwing       | |  2.0
Dodging        | |  3.0

Action                   |  1- 3 |  4- 6 || total
-------------------------+-------+-------++-------
Melee: Long sword        |    44 |    63 ||   107
       Constrict         |    13 |    22 ||    35
       Tentacles         |     8 |     9 ||    17
       Rapier            |       |     3 ||     3
  Use: Potion            |       |     2 ||     2
 Stab: Sleeping          |     6 |     8 ||    14
       Distracted        |     1 |       ||     1
  Eat: Chunk             |       |     5 ||     5
Armor: Skin              |     3 |     4 ||     7
Dodge: Dodged            |    33 |    38 ||    71
       Rpst.: Long sword |    13 |    13 ||    26

Table legend:
 A = Non-vault XP
 B = Vault XP
 C = Vault XP percentage of total XP
 D = Non-vault monster count
 E = Vault monster count
 F = Vault count percentage of total count
                 A         B        C        D         E       F
            +---------+---------+-------+---------+---------+-------
      Total |     222 |      19 |   7.9 |      60 |       4 |   6.2
            +---------+---------+-------+---------+---------+-------
        D:1 |      51 |       0 |   0.0 |      23 |       0 |   0.0
        D:2 |      96 |       0 |   0.0 |      21 |       0 |   0.0
        D:3 |      75 |      19 |  20.2 |      16 |       4 |  20.0
            +---------+---------+-------+---------+---------+-------
